cohdb
Replays
Latest Replays
All Replays
Popular Replays
Top Player Replays
Match Explorer
How It Works
Community
CoH3 Stats
Reddit
Sign in to upload your games and track your stats! →
Sign in with Steam
Match 41179741
Unlisted
Match 41179741
Overview
Messages
Build Orders
End
Kradschützen Motorcycle Team
Panzergrenadier Squad
Panzerpioneer Squad
Panzergrenadier Squad
250 Light Carrier
Construct Light Support Kompanie
Combat Half-tracks
Selects Armored Support Battlegroup
Selects Superior Fire Drills
Panzerjäger Mechanized Group
Construct Mechanized Kompanie
Veteran Squad Leaders
2.5-tonne Medical Truck
Syccer
Genki
0
0
Comments
sign in to comment!
No comments posted yet!